 Dungeon Crawl Stone Soup version 0.31-a0-810-ga77100ea1a (webtiles) character file.

Game seed: 9707687150686928024

21 ytrimaz the Ruffian (level 2, 0/18 HPs)
             Began as an Octopode Shapeshifter on Sept 21, 2023.
             Slain by a quokka (5 damage)
             ... on level 1 of the Dungeon.
             The game lasted 00:00:26 (298 turns).

ytrimaz the Ruffian (Octopode Shapeshifter)          Turns: 298, Time: 00:00:27

Health: 0/18       AC:  1    Str: 13    XL:     2   Next: 83%
Magic:  2/2        EV: 13    Int: 12    God:
Gold:   23         SH:  0    Dex: 11    Spells: 1/1 levels left

rFire   . .          .
                       - Unarmed
rCold   . . .        (no shield)
rNeg    . . .        (helmet currently unavailable)
rPois   .            (no amulet)
rElec   .            (no ring)
rCorr   .            (no ring)
SInv    .            (no ring)
Will    .....        (no ring)
Stlth   +++          (no ring)
HPRegen 0.23/turn    (no ring)
MPRegen 0.08/turn    (no ring)
                     (no ring)

%: no passive effects
@: beast-form
A: beast (slay +1), almost no armour, amphibious, 8 rings, camouflage 1,
gelatinous body 1, (nimble swimmer 1), tentacles
a: Begin Untransformation


You were on level 1 of the Dungeon.
You were a hulking beast.
You visited 1 branch of the dungeon, and saw 1 of its levels.

You collected 23 gold pieces.


Innate Abilities, Weirdness & Mutations

You are a hulking beast.
Your limbs bulge with bestial killing power. (Slay +1)
You cannot wear most types of armour.
You are amphibious.
You can wear up to eight rings at the same time.
Your skin changes colour to match your surroundings (Stealth+).
Your rubbery body absorbs attacks. (AC +1, EV +1)
((You are camouflaged when in or above water. (Stealth+)))
You have tentacles for arms and can constrict up to eight enemies at once.


   Skills:
 - Level 1.0 Fighting
 - Level 2.0 Dodging
 + Level 1.9 Stealth
 + Level 3.3 Unarmed Combat
 + Level 3.2 Shapeshifting


You had one spell level left.
You didn't know any spells.
Your spell library was empty.

Inventory:

Talismans
 b - a beast talisman (active)
 c - a flux talisman
Scrolls
 f - a scroll of poison {unknown}
Potions
 a - a potion of lignification
 d - a potion of degeneration {unknown}
 e - a potion of mutation {unknown}

Dungeon Overview and Level Annotations

Branches:
Dungeon (1/15) Zot: 5702

Altars:

#. #.......... #. #.........
#. ........ #. ####...... #. .
........ ## ...##.....#
......)rr##
.$#.####hr.############
.$....................#
.#.....##.....######.###
#####..................
.......# ###......########.#
......# ##.....###### ##..
.....######...........###)..
##...................#..#.รท#.
###
#........####.##.....##......


You could see 2 quokkas and a rat.


Message History

A giant cockroach comes into view.
You see here a murky silvery potion.
There are monsters nearby!
A hobgoblin comes into view.
A giant cockroach comes into view.
The giant cockroach barely misses you.
You tentacle-slap the bat.
You kill the bat!
The giant cockroach barely misses you. The giant cockroach barely misses you.
You see here a bat corpse.
You tentacle-slap the giant cockroach but do no damage.
Your grab misses the giant cockroach. You squeeze the giant cockroach.
You kill the giant cockroach!
Unknown command.
The giant cockroach closely misses you.
You tentacle-slap the giant cockroach.
You kill the giant cockroach!
The hobgoblin shouts!
The hobgoblin hits you. ๐Ÿ˜• HP[-2]
You take 2 damage, and now have 16/18 hp.
Unknown command.
You closely miss the hobgoblin. You grab the hobgoblin.
You constrict the hobgoblin. The hobgoblin hits you. ๐Ÿ˜ฎ HP[-3]
You take 3 damage, and now have 13/18 hp.
You tentacle-slap the hobgoblin. You squeeze the hobgoblin.
You kill the hobgoblin!
You see here a hobgoblin corpse.
You are too injured to fight recklessly!
e - a murky silvery potion ๐Ÿ˜Ž HP[+5]
Your hp is fully restored (18).
f - a scroll labelled CERYCH VOIJI A hobgoblin comes into view.
A hobgoblin is nearby!
The hobgoblin hits you. ๐Ÿ˜• HP[-3]
You take 3 damage, and now have 15/18 hp.
A hobgoblin is nearby!
You tentacle-slap the hobgoblin. Your grab misses the hobgoblin.
Your tentacle-slap misses the hobgoblin.
The hobgoblin barely misses you.
A hobgoblin is nearby!
You tentacle-slap the hobgoblin.
You kill the hobgoblin!
Key pressed, stopping explore.
Things that are here:
a +1 dagger of speed; a goblin skeleton Key pressed, stopping explore.
No target in view! ๐Ÿ˜Ž HP[+3]
Your hp is fully restored (18).
No target in view!
A rat comes into view.
A rat is nearby!
A rat is nearby!
A rat is nearby!
A rat is nearby!
A rat is nearby!
A rat is nearby!
A bat and a hobgoblin come into view.
The hobgoblin shouts!
There are monsters nearby!
A quokka comes into view.
The bat barely misses you.
You closely miss the bat. You grab the bat. You tentacle-slap the bat.
You kill the bat!
A kobold comes into view. It is wielding a +0 antimagic whip.
The kobold shouts!
You tentacle-slap the hobgoblin. You grab the hobgoblin.
You constrict the hobgoblin. The hobgoblin barely misses you.
You bludgeon the hobgoblin!
You kill the hobgoblin!
A quokka comes into view.
The rat bites you. ๐Ÿ˜• HP[-1]
You take 1 damage, and now have 17/18 hp.
You barely miss the rat. Your grab misses the rat. Your squeeze misses the rat.
The rat bites you.
You tentacle-slap the quokka. Your grab misses the quokka.
The quokka bites you. The rat bites you.
* * * LOW HITPOINT WARNING * * *
๐Ÿ˜จ HP[-8]
You take 8 damage, and now have 9/18 hp.
MASSIVE DAMAGE!! (PAUSE)
You tentacle-slap the kobold. Your grab misses the kobold.
Your squeeze misses the kobold.
The kobold hits you with a +0 antimagic whip.
* * * LOW HITPOINT WARNING * * *
The rat closely misses you. ๐Ÿ˜จ HP[-4]
You take 4 damage, and now have 5/18 hp.
MASSIVE DAMAGE!! (PAUSE) Unknown command.
You completely miss the kobold. You grab the kobold. You constrict the kobold.
You kill the kobold!
The quokka bites you.
You die...

Skill      XL: |  1 |
---------------+----+-----
Stealth        | 1 |  1.9
Fighting       | |  1.0
Dodging        | |  2.0
Unarmed Combat | |  3.3
Shapeshifting  | |  3.2

Action                     || total
---------------------------++-------
  Melee: Unarmed           ||    28
         Tentacles         ||     4
         Constrict         ||     6
         Punch             ||     1
   Stab: Sleeping          ||     1
 Armour: Skin              ||    16
  Dodge: Dodged            ||    10

Levels and vault maps discovered:
D:1:      dpeg_arrival_tiny_h, layout_rooms

Notes
Turn   | Place    | Note
-------+----------+-------------------------------------------
     0 | D:1      | ytrimaz the Octopode Shapeshifter began the quest for the
                  | Orb.
     0 | D:1      | Reached XP level 1. HP: 13/13 MP: 1/1
     0 | D:1      | magus.rc [v1.9.6]
    57 | D:1      | Reached skill level 1 in Stealth
    60 | D:1      | Reached XP level 2. HP: 7/18 MP: 2/2
    64 | D:1      | HP: 4/18 [dart slug (2)]
   298 | D:1      | Slain by a quokka

Vanquished Creatures
  A dart slug (D:1)
  2 ball pythons (D:1)
  2 bats (D:1)
  2 giant cockroaches (D:1)
  3 goblins (D:1)
  4 hobgoblins (D:1)
  A quokka (D:1)
  A frilled lizard (D:1)
  A kobold (D:1)
17 creatures vanquished.

Table legend:
 A = Non-vault XP
 B = Vault XP
 C = Vault XP percentage of total XP
 D = Non-vault monster count
 E = Vault monster count
 F = Vault count percentage of total count
                 A         B        C        D         E       F
            +---------+---------+-------+---------+---------+-------
      Total |      31 |       0 |   0.0 |      17 |       0 |   0.0
            +---------+---------+-------+---------+---------+-------
        D:1 |      31 |       0 |   0.0 |      17 |       0 |   0.0
            +---------+---------+-------+---------+---------+-------

Skill      XL: |  1 |
---------------+----+-----
Stealth        | 1 |  1.9
Fighting       | |  1.0
Dodging        | |  2.0
Unarmed Combat | |  3.3
Shapeshifting  | |  3.2

Action                     || total
---------------------------++-------
  Melee: Unarmed           ||    28
         Tentacles         ||     4
         Constrict         ||     6
         Punch             ||     1
   Stab: Sleeping          ||     1
 Armour: Skin              ||    16
  Dodge: Dodged            ||    10

Illustrated notes

Table legend:
 A = Kills in this place as a percentage of kills in the entire game.
 B = Kills by you in this place as a percentage of kills by you in the entire game.
 C = Kills by friends in this place as a percentage of kills by friends in the entire game.
 D = Other kills in this place as a percentage of other kills in the entire game.
 E = Experience gained in this place as a percentage of experience gained in the entire game.
 F = Experience gained in this place divided by the number of levels of this place that you have seen.
                   A       B       C       D       E      F
               +-------+-------+-------+-------+-------+----------------------
         Total | 100.0 | 100.0 |   N/A |   N/A | 100.0 |  31.0
       Dungeon | 100.0 | 100.0 |   N/A |   N/A | 100.0 |  31.0
               +-------+-------+-------+-------+-------+----------------------

Table legend: (Time is in decaauts)
 A = Elapsed time spent in this place.
 B = Non-inter-level travel time spent in this place.
 C = Inter-level travel time spent in this place.
 D = Time resting spent in this place.
 E = Time spent auto-exploring this place.
 F = Levels seen in this place.
 G = Mean time per level.
                   A        B        C        D        E       F      G
               +--------+--------+--------+--------+--------+-----+--------+
         Total |    296 |    296 |      0 |      0 |    215 |   1 |  296.0 |
       Dungeon |    296 |    296 |      0 |      0 |    215 |   1 |  296.0 |
               +--------+--------+--------+--------+--------+-----+--------+

Top non-repeatable levels by time:
     D:1: 296 daAuts
